 Dungeon Crawl Stone Soup version 0.20-a0-959-gdc9e609 (webtiles) character file.

24543 4thArraOfDagon the Carver (level 12, -2/88 HPs)
             Began as a Mummy Fighter on Apr 6, 2017.
             Was a High Priest of Okawaru.
             Killed by divine providence
             ... invoked by an orc priest
             ... led by an orc warlord
              (8 damage)
             ... on level 1 of the Orcish Mines.
             The game lasted 00:40:45 (10467 turns).

4thArraOfDagon the Carver (Mummy Fighter)          Turns: 10467, Time: 00:40:46

Health: -2/88      AC: 13    Str: 20    XL:     12   Next: 81%
Magic:  18/18      EV: 21    Int: 11    God:    Okawaru [*****.]
Gold:   1101       SH:  0    Dex: 15    Spells: 8/11 levels left

rFire    x . .     SeeInvis .   g - +2 long sword (elec)
rCold    + . .     Gourm    .   (no shield)
rNeg     + + +     Faith    +   h - +0 troll leather armour {Purgy}
rPois    ∞         Spirit   .   (no helmet)
rElec    .         Reflect  .   e - +0 cloak
rCorr    .         Harm     .   Q - +2 pair of gloves {Dex+3}
MR       +....                  u - +0 pair of boots
Stlth    ++++......             d - amulet of faith
Regen    0.7/turn               z - ring of stealth
MPRegen  0.2/turn               (no ring)

@: heroism
A: no food or potions, fire vulnerability, cold resistance 1, negative energy
resistance 3, torment resistance, unbreathing
a: Heroism, Finesse, Renounce Religion


You were on level 1 of the Orcish Mines.
You worshipped Okawaru.
Okawaru was extremely pleased with you.
You were not hungry.

You visited 3 branches of the dungeon, and saw 17 of its levels.
You also visited: Ossuary and Bailey.

You collected 1101 gold pieces.

Inventory:

Hand Weapons
 a - a +0 long sword
 g - a +2 long sword of electrocution (weapon)
 q - the +4 flail of 4thArraOfDagon's Doom {crush, rPois rN+, unknown}
   (You found it on level 6 of the Dungeon)

   It inflicts extra damage upon your enemies.
   It protects you from poison.
   It protects you from negative energy.
 A - a +3 long sword
 B - a +0 great sword
 E - a +1 falchion of freezing
 G - a +0 scimitar
 K - the +1 scimitar of Turmoil {protect, +Fly rElec Str+3}
   (Okawaru gifted it to you on level 13 of the Dungeon)

   It protects the one who uses it against injury (+AC on strike).
   It affects your strength (+3).
   It insulates you from electricity.
   It lets you fly.
 N - the +3 Elemental Staff {rElec rF++ rC++ MR++ AC+5}
   (You found it in a bailey)

   It affects your AC (+5).
   It greatly protects you from fire.
   It greatly protects you from cold.
   It insulates you from electricity.
   It affects your resistance to hostile enchantments.
Armour
 c - a +0 shield
 e - a +0 cloak (worn)
 h - a +0 troll leather armour (worn) {Purgy}
 j - a +0 chain mail
 l - the +0 leather armour "Syduecvaqe" {rF+ Int-4 Dex+3 Stlth+}
   (You found it on level 6 of the Dungeon)

   It affects your intelligence (-4).
   It affects your dexterity (+3).
   It protects you from fire.
   It makes you more stealthy.
 u - a +0 pair of boots (worn)
 O - a +1 large shield of positive energy
 Q - a +2 pair of gloves of dexterity (worn)
Jewellery
 d - an amulet of faith (around neck)
 v - an uncursed ring of ice
 x - a +2 amulet of reflection {unknown}
 z - a ring of stealth (left hand)
 J - an uncursed amulet of magic regeneration
 L - an uncursed ring of wizardry
Wands
 b - a wand of enslavement (6/24)
 f - a wand of flame (14/48)
 o - a wand of iceblast (5/15)
 w - a wand of digging (3/24)
 y - a wand of polymorph (3/24)
 F - a wand of confusion (6/48)
 I - a wand of polymorph (14/24)
Scrolls
 i - a scroll of brand weapon {unknown}
 k - 3 scrolls of immolation {unknown}
 m - a scroll of identify
 n - a scroll of amnesia {unknown}
 p - 5 scrolls of enchant armour {unknown}
 r - 2 scrolls of recharging {unknown}
 s - a scroll of random uselessness
 t - 2 scrolls of magic mapping
 C - a scroll of noise {unknown}
 D - a scroll of blinking {unknown}
 M - 3 scrolls of enchant weapon {unknown}
 P - a scroll of fog
 R - a scroll of acquirement {unknown}
Books
 H - a book of the Earth

   Spells                             Type                      Level
   a - Leda's Liquefaction            Hexes/Earth                  4
   b - Bolt of Magma                  Conjuration/Fire/Earth       5
   c - Statue Form                    Transmutation/Earth          6
   d - Iron Shot                      Conjuration/Earth            6
   e - Shatter                        Earth                        9


   Skills:
 + Level 6.1(11.1) Fighting
 * Level 11.7(16.7) Long Blades
 + Level 8.2(13.2) Armour
 + Level 7.8(12.8) Dodging
 - Level 2.4(7.4) Shields
 + Level 8.6 Invocations


You had 8 spell levels left.
You knew the following spells:

 Your Spells              Type           Power        Failure   Level  Hunger
a - Vampiric Draining     Necr           #.........   93%         3    N/A

Dungeon Overview and Level Annotations

Branches:
Dungeon (15/15)            Temple (0/1) D:7            Lair (0/6) D:8
    Orc (1/2) D:11         Depths (1/5) D:15
 Vaults: D:13-14

Altars:
Dithmenos
Gozag
Hepliaklqana
Nemelex Xobeh
Okawaru
Qazlal
Ru
Uskayaw
The Shining One

Shops:
D:9 [

Annotations:
D:6 Edmund
D:12 Kirke
D:13 Rupert
D:15 Agnes, Urug


Innate Abilities, Weirdness & Mutations

You do not eat or drink.
Your flesh is vulnerable to fire.
You are immune to poison.
Your flesh is cold resistant. (rC+)
You are immune to negative energy. (rN+++)
You are immune to unholy pain and torment.
You can survive without breathing.


Message History

Unknown command.
Unknown command.
Evoke which item? (* to show all) (? for menu, Esc to quit)
Aiming: Dig
Press: ? - help, Shift-Dir - straight line The rock shatters into small pieces.
This wand has 3 charges left.
The orc warlord roars a battlecry!
The orc warrior goes into a battle-frenzy!
Unknown command.
Unknown command.
Unknown command.
The orc warlord roars a battlecry!
The orc priest goes into a battle-frenzy!
Unknown command.
Unknown command.
The orc priest no longer looks unusually strong.
The orc warrior no longer looks unusually strong.
The orc priest invokes the aid of Beogh against you.
Beogh smites you!
You die...

..#.... ..#
....... #..#
.......##...
.........
.......#
....#.....#
....#....#
.......@##
.....$$#.#####
.......##o#..##
.......###T...#
.......)###oo##
.........$.o..#
......[[.)..o##
..#...$<[....##
$.....[..#oo..#


You could see an orc warlord, a troll, an orc warrior, 2 orc priests and an orc.

Vanquished Creatures
  An ogre mage (D:15)
  Fannar (D:10)
  3 centaur warriors
  2 two-headed ogres
  A queen ant (D:11)
  A deep elf mage (D:15)
  An ugly thing (D:14)
  A manticore (D:11)
  A gargoyle (D:15)
  4 centaur zombies
  A yaktaur (D:13)
  A rime drake (shapeshifter) (D:13)
  A kobold demonologist (D:9)
  A tengu conjurer (D:15)
  4 slime creatures
  3 hippogriffs
  A shadow (D:14)
  A vampire (D:14)
  3 wyverns
  4 yaks
  2 hungry ghosts
  A human (D:7)
  2 vampire mosquitoes (D:15)
  3 wargs (D:8)
  7 soldier ants (D:11)
  A water moccasin (D:10)
  Purgy (D:4)
  A hornet zombie (D:8)
  7 ice beasts
  16 orc warriors
  2 sky beasts (D:13)
  10 necrophages
  5 ogres
  3 phantoms
  25 centaurs
  16 big kobolds (D:9)
  An elf zombie (D:7)
  8 bullfrogs
  A gnoll sergeant (D:9)
  4 scorpions
  10 killer bees
  2 jellies
  16 wights
  5 crimson imps
  A bullfrog zombie (D:10)
  Crazy Yiuf (D:7)
  3 bullfrog skeletons
  7 hounds
  A human zombie (D:7)
  13 orc wizards
  7 orc priests
  Jessica (D:2)
  3 centaur skeletons
  2 human skeletons (D:7)
  26 worker ants
  A killer bee zombie (D:9)
  2 hound zombies (D:9)
  9 mummies
  2 howler monkey zombies
  5 gnolls
  10 adders
  A howler monkey skeleton (D:8)
  A shadow imp (D:7)
  3 oozes
  2 adder zombies
  2 adder skeletons
  3 worms
  A dart slug (D:2)
  3 leopard geckos
  55 orcs
  4 ball pythons
  8 bats
  2 giant cockroaches
  9 goblins
  9 hobgoblins
  4 jackals
  15 kobolds
  5 quokkas
  5 frilled lizards
  2 gnoll zombies (Ossuary)
  2 hobgoblin zombies (Ossuary)
  A jackal skeleton (D:4)
  3 kobold zombies (Ossuary)
  An orc skeleton (D:7)
  2 orc zombies
  6 rats
428 creatures vanquished.

Vanquished Creatures (collateral kills)
  2 hogs (D:7)
  An orc (Bailey)
3 creatures vanquished.

Vanquished Creatures (others)
  2 hogs (D:7)
  A crimson imp (D:15)
  A worker ant (D:4)
4 creatures vanquished.

Grand Total: 435 creatures vanquished

Notes
Turn   | Place    | Note
-------+----------+-------------------------------------------
     0 | D:1      | 4thArraOfDagon the Mummy Fighter began the quest for the Orb.
     0 | D:1      | Reached XP level 1. HP: 18/18 MP: 1/1
    15 | D:1      | Reached skill level 2 in Long Blades
    91 | D:2      | Reached XP level 2. HP: 24/24 MP: 2/2
   329 | D:4      | Noticed a scorpion
   343 | D:4      | Killed a scorpion
   343 | D:4      | Reached skill level 3 in Long Blades
   343 | D:4      | Reached XP level 3. HP: 16/29 MP: 3/3
   343 | D:4      | Reached XP level 4. HP: 19/35 MP: 4/4
   425 | D:5      | Entered Level 5 of the Dungeon
   498 | D:5      | Found an iron altar of Okawaru.
   506 | D:5      | Became a worshipper of Warmaster Okawaru
   676 | D:2      | Noticed Jessica
   684 | D:2      | Killed Jessica
  1886 | D:3      | Reached XP level 5. HP: 41/41 MP: 5/5
  1906 | D:4      | Reached skill level 1 in Invocations
  1962 | D:4      | Reached skill level 1 in Dodging
  2148 | D:3      | Reached skill level 4 in Long Blades
  2486 | D:4      | Noticed Purgy
  2517 | D:4      | Killed Purgy
  2517 | D:4      | Reached XP level 6. HP: 33/47 MP: 5/7
  2625 | D:4      | Noticed Edmund
  2728 | D:5      | Found a hazy altar of Hepliaklqana.
  3028 | D:6      | Reached * piety under Okawaru
  3087 | D:6      | Got a polished leather armour
  3088 | D:6      | Identified the +0 leather armour "Syduecvaqe" {rF+ Int-4 Dex+3 Stlth+} (You found it on level 6 of the Dungeon)
  3108 | D:6      | Reached XP level 7. HP: 50/52 MP: 8/8
  3215 | D:5      | Reached skill level 5 in Long Blades
  3536 | D:6      | Got a shimmering flail
  3685 | D:6      | Reached ** piety under Okawaru
  3777 | D:7      | Reached XP level 8. HP: 47/58 MP: 10/10
  3845 | D:7      | Found a sand-covered staircase.
  3870 | Ossuary  | Entered an ossuary
  3965 | Ossuary  | Reached skill level 6 in Long Blades
  4562 | D:7      | Found a staircase to the Ecumenical Temple.
  4684 | D:7      | Found a runed door.
  4800 | D:7      | Reached *** piety under Okawaru
  4846 | D:7      | Noticed Crazy Yiuf
  4852 | D:7      | Killed Crazy Yiuf
  4852 | D:7      | Reached XP level 9. HP: 57/63 MP: 12/12
  4926 | D:8      | Found an opulent altar of Gozag.
  4944 | D:8      | thjere you are :(
  4966 | D:8      | Reached skill level 7 in Long Blades
  5092 | D:8      | Found a sacrificial altar of Ru.
  5201 | D:8      | Reached skill level 5 in Armour
  5282 | D:8      | Found an opulent altar of Gozag.
  5469 | D:8      | Reached skill level 5 in Invocations
  5633 | D:8      | Reached skill level 8 in Long Blades
  5687 | D:8      | Found a staircase to the Lair.
  5720 | D:8      | Reached skill level 5 in Dodging
  5999 | D:9      | Reached **** piety under Okawaru
  6058 | D:9      | Reached XP level 10. HP: 70/70 MP: 14/14
  6157 | D:9      | Found a stormy altar of Qazlal.
  6158 | D:9      | Found a hide-covered altar of Uskayaw.
  6160 | D:9      | Found a glowing golden altar of the Shining One.
  6160 | D:9      | Found a sparkling altar of Nemelex Xobeh.
  6330 | D:9      | Reached skill level 9 in Long Blades
  6460 | D:9      | Reached ***** piety under Okawaru
  6623 | D:9      | Found Anysul's Armour Emporium.
  6629 | D:9      | :(
  6737 | D:10     | Entered Level 10 of the Dungeon
  6955 | D:11     | Reached XP level 11. HP: 75/75 MP: 15/15
  7112 | D:13     | Noticed a seven-headed hydra
  7118 | D:13     | Received a gift from Okawaru
  7119 | D:13     | Got a bloodstained scimitar {god gift}
  7120 | D:13     | Identified the +1 scimitar of Turmoil {protect, +Fly rElec Str+3} (Okawaru gifted it to you on level 13 of the Dungeon)
  7139 | D:13     | Noticed a centaur warrior
  7158 | D:13     | Killed a centaur warrior
  7198 | D:13     | Learned a level 3 spell: Vampiric Draining
  7209 | D:13     | Noticed Rupert
  7210 | D:13     | Noticed a flayed ghost
  7287 | D:13     | Reached skill level 10 in Long Blades
  7300 | D:13     | Noticed a red ugly thing
  7391 | D:14     | Noticed a cyan ugly thing
  7391 | D:14     | Noticed a six-headed hydra
  7392 | D:14     | Noticed a cyan ugly thing
  7392 | D:14     | Noticed a cyan ugly thing
  7427 | D:14     | Killed a cyan ugly thing
  7451 | D:14     | Found a shadowy altar of Dithmenos.
  7469 | D:14     | Found a flagged portal.
  7479 | Bailey   | Entered a bailey
  8486 | D:14     | Noticed a centaur warrior
  8493 | D:14     | Killed a centaur warrior
  8504 | D:15     | Entered Level 15 of the Dungeon
  8514 | D:15     | Noticed Urug
  8564 | D:15     | Noticed Agnes
  8565 | D:15     | Noticed a centaur warrior
  8578 | D:15     | Noticed an ogre mage
  8587 | D:15     | Noticed a deep elf mage
  8588 | D:15     | Found a staircase to the Depths.
  8588 | D:15     | Noticed a two-headed ogre
  8593 | Depths:1 | Entered Level 1 of the Depths
  8593 | Depths:1 | Noticed a deep troll shaman
  8593 | Depths:1 | Noticed a deep troll
  8605 | D:15     | Killed a centaur warrior
  8613 | D:15     | Killed an ogre mage
  8619 | D:15     | Killed a deep elf mage
  8714 | D:15     | Noticed an eight-headed hydra
  8775 | D:13     | Noticed a two-headed ogre
  8791 | D:13     | Killed a two-headed ogre
  8791 | D:13     | Received a gift from Okawaru
  8791 | D:13     | Reached XP level 12. HP: 44/84 MP: 17/17
  9046 | D:13     | Reached skill level 11 in Long Blades
  9049 | D:12     | Noticed Kirke
  9160 | D:11     | Noticed a two-headed ogre
  9169 | D:11     | Killed a two-headed ogre
  9251 | D:11     | Reached skill level 5 in Fighting
  9316 | D:11     | Noticed a queen ant
  9378 | D:11     | Killed a queen ant
  9437 | D:11     | Received a gift from Okawaru
  9694 | D:10     | Noticed Fannar
  9715 | D:10     | Killed Fannar
 10309 | D:11     | Found a staircase to the Orcish Mines.
 10345 | Orc:1    | Entered Level 1 of the Orcish Mines
 10366 | Orc:1    | Noticed an orc warlord
 10461 | Orc:1    | HP: 2/88 [orc priest/divine providence[an orc warlord] (12)]
 10467 | Orc:1    | Killed from afar by an orc priest

Vault maps used:
D:1:      scummos_arrival_simple_fountains, amethyst_killhole
D:2:      grunt_ministairs_12, uniq_jessica
D:3:      minmay_box_of_dots
D:4:      first_bread, uniq_edmund, uniq_purgy
D:5:      kennysheep_little_box, basic_altar, corexii_checkpoint_a
D:6:      serial_co_window_serial, co_window_paths_a, co_window_corner_a,
          co_window_of_opportunity_a, co_window_corner_a, co_window_paths_a,
          co_window_unsneaky_path_a, co_window_cross_2, co_window_broadway_b,
          co_window_unsneaky_path_a, glass_columns_a, glass_columns_a
D:7:      temple_hall_moat, nicolae_ossuary_entry_catacombs, grunt_livestock,
          minmay_misc_feat_columns, uniq_crazy_yiuf_cottage
D:8:      nicolae_gozag_seed_capital, nicolae_ru_path_of_blood,
          erik_lair_orcish_takeover, basic_altar
D:9:      grunt_temple_overflow_open, serial_undead, serial_undead_d,
          serial_undead_b, serial_undead_e, serial_undead_d, serial_undead_c,
          serial_undead_f, serial_undead_a, serial_undead_c, serial_shops,
          nicolae_shop_competitors_out_of_business
D:10:     kennysheep_generic_room_8, uniq_fannar
D:11:     orc_0_dummy, zaba_antful_of_joy
D:12:     uniq_kirke, uniq_snorg
D:13:     uniq_rupert
D:14:     hangedman_vaults_entry_quadrant_bands,
          grunt_dithmenos_smoke_and_mirrors, enter_bailey_3
D:15:     hangedman_depths_entry_civil_slaughter, wad_floor_pattern_untrapped,
          dk_noncrumbling_2, uniq_urug, uniq_agnes
Orc:1:    serial_shops, nicolae_shop_stone
Depths:1: trove_entry_hex_spiral, special_room, minmay_misc_feat_rugged,
          pf_dread_powers_of_hell, pan_entry, hangedman_decor_clover_reticule,
          corner_web_ring, serial_bayou_pond_c, minmay_stone_trees_medium,
          serial_bayou_pond_d, eino_tiny_chamber, lemuel_another_geyser,
          uniq_aizul
Ossuary:  ossuary_tomb_3
Bailey:   bailey_polearm_flooded_kennysheep, bailey

Skill      XL: |  1  2  3  4  5  6  7  8  9 10 11 12 |
---------------+-------------------------------------+-----
Long Blades    | 2 3 4 5 6 8 9 10 11 | 11.7
Invocations    | 1 2 3 4 5 6 7 8 |  8.6
Dodging        | 1 2 4 5 6 7 |  7.8
Armour         | 3 4 5 6 7 8 |  8.2
Fighting       | 4 6 |  6.1
Shields        | |  2.4

Action                   |  1- 3 |  4- 6 |  7- 9 | 10-12 || total
-------------------------+-------+-------+-------+-------++-------
Melee: Long sword        |    34 |   267 |   606 |   721 ||  1628
       Punch             |       |       |     8 |    18 ||    26
       Scimitar          |       |       |       |   313 ||   313
Invok: Heroism           |       |       |    14 |    41 ||    55
       Finesse           |       |       |       |     2 ||     2
 Abil: Evoke Flight      |       |       |       |     6 ||     6
       Stop Flying       |       |       |       |     1 ||     1
Evoke: Wand              |       |     1 |    13 |    12 ||    26
  Use: Scroll            |       |     8 |     7 |    11 ||    26
 Stab: Sleeping          |       |       |       |    11 ||    11
       Confused          |       |       |       |     2 ||     2
Armor: Scale mail        |    22 |    45 |       |       ||    67
       Chain mail        |       |    95 |       |       ||    95
       Troll leather arm |       |    13 |   114 |   237 ||   364
Dodge: Dodged            |    19 |   157 |   338 |   809 ||  1323
       Rpst.: Long sword |     6 |    45 |   117 |   153 ||   321
       Scimitar          |       |       |       |    61 ||    61
